[ AOE2 MATCH · #482425380 ]
Team RMBritons vs Italians
[ REPLAY ANALYSIS · EXTRACTED FROM THE RECORDED GAME ]
Feudal
13:03
Castle
21:46
Imperial
—
| APM avg | 14.6 |
| APM peak | 36 |
| eAPM avg | 9.4 |
| Villagers / military | 64 / 46 |
Focus
⚔️ 15.0% · 🌾 85.0%
Knight ×29 · Longbowman ×15 · Monk ×2
Feudal
13:41
Castle
17:31
Imperial
33:12
| APM avg | 21.4 |
| APM peak | 49 |
| eAPM avg | 12.2 |
| Villagers / military | 81 / 60 |
Focus
⚔️ 30.6% · 🌾 69.4%
Genoese Crossbowman ×48 · Bombard Cannon ×6 · Hand Cannoneer ×2 · Trebuchet (Packed) ×2 · Monk ×1 · Mangonel ×1
Feudal
12:11
Castle
22:08
Imperial
37:21
| APM avg | 13.2 |
| APM peak | 34 |
| eAPM avg | 9.5 |
| Villagers / military | 97 / 109 |
Focus
⚔️ 25.6% · 🌾 74.4%
Skirmisher ×60 · Knight ×45 · Trebuchet (Packed) ×3 · Monk ×1 · Trade Cart ×1
Feudal
10:08
Castle
33:27
Imperial
37:52
| APM avg | 17.0 |
| APM peak | 44 |
| eAPM avg | 11.9 |
| Villagers / military | 113 / 16 |
Focus
⚔️ 22.0% · 🌾 78.0%
Serjeant ×9 · Battering Ram ×7
Feudal
9:56
Castle
20:51
Imperial
41:40
| APM avg | 22.4 |
| APM peak | 41 |
| eAPM avg | 14.8 |
| Villagers / military | 115 / 97 |
Focus
⚔️ 27.6% · 🌾 72.4%
Skirmisher ×62 · Cavalry Archer ×18 · Militia ×7 · Trebuchet (Packed) ×3 · Tarkan ×2 · Mangonel ×2
Feudal
13:45
Castle
18:05
Imperial
22:08
| APM avg | 11.6 |
| APM peak | 23 |
| eAPM avg | 7.4 |
| Villagers / military | 55 / 86 |
Focus
⚔️ 26.3% · 🌾 73.7%
Camel Scout ×33 · Hand Cannoneer ×32 · Bombard Cannon ×15 · Scout Cavalry ×5 · Monk ×1
Feudal
16:12
Castle
22:26
Imperial
38:16
| APM avg | 16.3 |
| APM peak | 32 |
| eAPM avg | 11.6 |
| Villagers / military | 112 / 136 |
Focus
⚔️ 22.6% · 🌾 77.4%
Skirmisher ×80 · Archer ×50 · Monk ×2 · Mangonel ×1 · Scorpion ×1 · War Elephant ×1
Feudal
11:26
Castle
16:28
Imperial
38:14
| APM avg | 19.5 |
| APM peak | 50 |
| eAPM avg | 11.1 |
| Villagers / military | 113 / 49 |
Focus
⚔️ 21.4% · 🌾 78.6%
Genoese Crossbowman ×44 · Bombard Cannon ×5
Match map
Initial resources + every placement click. Lines = walls · curves = elevation contours. ◆ gold · ⬟ stone · ● berries · ✦ relic · ◌ wall gap
Your base· ✓ Closed at 21:46 · 27t walls · 1 gate(s)
Occhiodellatesta's base· ✓ Closed at 17:31 · 36t walls · 1 gate(s)
calxibe's base· ✓ Closed at 22:08 · 39t walls · 1 gate(s)
leocancer8767's base· ✓ Closed at 33:27 · 0t walls · no gate
Legølas➹'s base· ✓ Closed at 20:51 · 14t walls · no gate
Indo-Hunter's base· ✓ Closed at 18:05 · 0t walls · no gate
Jimmy Levy (GEO)'s base· ✓ Closed at 22:26 · 83t walls · no gate
SNES's base· ✓ Closed at 16:28 · 31t walls · no gate
Smoothed initial terrain · ◌ = detected wall gap · hover for details
Inputs per minute
— alpirowampir - - Occhiodellatesta
Build order — alpirowampir
First 150 of 206 actions detected
| 0:12 | Create | Villager (Male) |
| 0:13 | Research | Loom |
| 0:13 | Create | Villager (Male) ×3 |
| 0:46 | Build | Palisade Wall |
| 1:11 | Build | House |
| 1:45 | Build | Palisade Wall |
| 1:49 | Build | Palisade Wall |
| 3:04 | Build | House |
| 3:05 | Build | House |
| 3:07 | Build | House |
| 3:41 | Create | Villager (Male) |
| 4:01 | Create | Villager (Male) |
| 4:02 | Create | Villager (Male) |
| 4:27 | Create | Villager (Male) |
| 4:27 | Create | Villager (Male) |
| 5:19 | Create | Villager (Male) |
| 5:19 | Create | Villager (Male) |
| 5:45 | Create | Villager (Male) |
| 5:58 | Create | Villager (Male) |
| 5:58 | Create | Villager (Male) |
| 6:21 | Build | Mill |
| 6:25 | Create | Villager (Male) |
| 6:43 | Create | Villager (Male) |
| 8:01 | Create | Villager (Male) |
| 8:02 | Create | Villager (Male) |
| 8:02 | Create | Villager (Male) |
| 10:13 | Build | Lumber Camp |
| 10:26 | Create | Villager (Male) |
| 10:53 | Research | Feudal Age |
| 11:00 | Build | House |
| 11:02 | Build | House |
| 11:05 | Build | House |
| 11:07 | Build | House |
| 11:43 | Build | House |
| 12:05 | Create | Villager (Male) |
| 12:06 | Create | Villager (Male) |
| 12:06 | Create | Villager (Male) |
| 12:06 | Create | Villager (Male) |
| 12:06 | Create | Villager (Male) |
| 12:56 | Create | Villager (Male) |
| 12:56 | Create | Villager (Male) |
| 13:03 | Age | Feudal Age |
| 13:03 | Build | Mining Camp |
| 13:22 | Build | Mining Camp |
| 13:26 | Research | Wheelbarrow |
| 13:26 | Research | Town Watch |
| 13:52 | Build | Stone Wall |
| 13:56 | Build | Gate |
| 14:01 | Build | Stone Wall |
| 14:05 | Build | Stone Wall |
| 15:00 | Build | Market |
| 15:09 | Create | Villager (Male) |
| 15:14 | Research | Double-Bit Axe |
| 15:41 | Build | Market |
| 16:04 | Build | Mill |
| 16:06 | Create | Villager (Male) |
| 16:06 | Create | Villager (Male) |
| 16:23 | Create | Villager (Male) |
| 17:10 | Build | Blacksmith |
| 18:15 | Build | House |
| 18:16 | Build | House |
| 18:18 | Build | House |
| 18:19 | Build | House |
| 18:21 | Build | House |
| 18:22 | Build | House |
| 18:22 | Build | House |
| 18:23 | Build | House |
| 19:06 | Research | Castle Age |
| 19:12 | Create | Villager (Male) |
| 19:12 | Create | Villager (Male) |
| 20:12 | Research | Stone Mining |
| 20:16 | Create | Villager (Male) |
| 20:16 | Create | Villager (Male) |
| 20:47 | Build | Lumber Camp |
| 20:52 | Research | Horse Collar |
| 21:08 | Research | Gold Mining |
| 21:46 | Age | Castle Age |
| 22:01 | Build | Town Center |
| 22:06 | Create | Villager (Male) |
| 22:26 | Build | Town Center |
| 22:33 | Create | Villager (Male) |
| 23:06 | Build | Monastery |
| 23:27 | Build | Farm |
| 23:28 | Build | Farm |
| 23:29 | Build | Farm |
| 23:55 | Build | Castle |
| 24:08 | Build | Barracks |
| 24:10 | Create | Villager (Male) |
| 24:15 | Create | Monk |
| 24:24 | Create | Monk |
| 24:28 | Create | Villager (Male) |
| 24:36 | Build | Farm |
| 24:38 | Build | Farm |
| 24:39 | Build | Farm |
| 24:40 | Build | Farm |
| 24:42 | Build | Farm |
| 24:53 | Create | Villager (Male) |
| 25:27 | Create | Villager (Male) |
| 25:48 | Build | Stone Wall |
| 25:55 | Build | Gate |
| 26:14 | Create | Longbowman ×5 |
| 26:14 | Create | Longbowman ×5 |
| 26:19 | Research | Pikeman (upgrade) |
| 26:34 | Create | Villager (Male) |
| 26:44 | Create | Villager (Male) |
| 26:58 | Build | Farm |
| 26:59 | Build | Farm |
| 27:00 | Build | Farm |
| 27:06 | Build | Farm |
| 27:09 | Create | Villager (Male) |
| 27:09 | Create | Villager (Male) |
| 28:05 | Build | Castle |
| 28:07 | Create | Villager (Male) |
| 28:09 | Create | Villager (Male) |
| 28:10 | Create | Villager (Male) |
| 28:10 | Create | Villager (Male) |
| 28:46 | Research | Fletching |
| 29:03 | Build | Stable |
| 29:05 | Build | Stable |
| 29:29 | Research | Town Patrol |
| 29:33 | Create | Longbowman ×5 |
| 29:46 | Build | Farm |
| 29:47 | Build | Farm |
| 29:49 | Build | Farm |
| 29:49 | Build | Farm |
| 30:23 | Build | Town Center |
| 30:46 | Build | Town Center |
| 31:22 | Build | Mining Camp |
| 31:47 | Build | Town Center |
| 32:01 | Research | Hand Cart |
| 32:06 | Create | Villager (Male) |
| 32:06 | Create | Villager (Male) |
| 32:19 | Build | Mining Camp |
| 32:36 | Build | Mining Camp |
| 32:49 | Create | Villager (Male) |
| 32:50 | Create | Villager (Male) |
| 32:59 | Build | Farm |
| 33:01 | Build | Farm |
| 33:13 | Create | Villager (Male) |
| 34:05 | Create | Villager (Male) |
| 34:05 | Create | Villager (Male) |
| 34:06 | Create | Villager (Male) |
| 35:23 | Create | Villager (Male) |
| 35:23 | Create | Villager (Male) |
| 35:24 | Create | Villager (Male) |
| 35:31 | Build | Farm |
| 35:32 | Build | Farm |
| 35:34 | Build | Farm |
| 35:36 | Build | Farm |
| 35:37 | Build | Farm |
Build order — Occhiodellatesta
First 150 of 232 actions detected
| 0:05 | Build | House |
| 0:05 | Create | Villager (Male) |
| 0:05 | Create | Villager (Male) |
| 0:07 | Build | House |
| 0:08 | Create | Villager (Male) |
| 0:27 | Create | Villager (Male) |
| 0:41 | Research | Loom |
| 0:42 | Create | Villager (Male) |
| 0:42 | Create | Villager (Male) |
| 1:12 | Build | Palisade Wall |
| 1:27 | Create | Villager (Male) |
| 1:47 | Build | Palisade Wall |
| 2:20 | Build | House |
| 2:36 | Create | Villager (Male) |
| 2:47 | Create | Villager (Male) |
| 2:56 | Build | Mill |
| 3:17 | Create | Villager (Male) |
| 3:35 | Create | Villager (Male) |
| 4:58 | Create | Villager (Male) |
| 4:58 | Create | Villager (Male) |
| 5:00 | Create | Villager (Male) |
| 5:01 | Create | Villager (Male) |
| 5:06 | Build | House |
| 5:36 | Create | Villager (Male) |
| 5:36 | Create | Villager (Male) |
| 6:05 | Create | Villager (Male) |
| 6:26 | Build | Mill |
| 6:41 | Build | Palisade Wall |
| 6:46 | Create | Villager (Male) |
| 6:47 | Create | Villager (Male) |
| 7:29 | Create | Villager (Male) |
| 7:30 | Create | Villager (Male) |
| 7:51 | Build | Lumber Camp |
| 8:13 | Build | Palisade Wall |
| 8:31 | Build | House |
| 8:36 | Create | Villager (Male) |
| 8:51 | Build | Mining Camp |
| 8:53 | Create | Villager (Male) |
| 9:21 | Create | Villager (Male) |
| 9:22 | Create | Villager (Male) |
| 10:33 | Build | House |
| 10:35 | Build | House |
| 10:39 | Build | Palisade Gate |
| 10:41 | Create | Villager (Male) |
| 10:42 | Create | Villager (Male) |
| 10:43 | Research | Feudal Age |
| 11:54 | Build | Barracks |
| 12:56 | Create | Villager (Male) |
| 13:29 | Build | House |
| 13:41 | Age | Feudal Age |
| 13:51 | Build | Market |
| 13:59 | Build | Blacksmith |
| 14:51 | Research | Castle Age |
| 15:03 | Build | Archery Range |
| 15:15 | Build | Mining Camp |
| 16:44 | Build | House |
| 17:31 | Age | Castle Age |
| 17:38 | Build | Siege Workshop |
| 18:27 | Create | Mangonel |
| 18:46 | Build | Castle |
| 19:06 | Create | Villager (Male) |
| 19:06 | Create | Villager (Male) |
| 19:58 | Create | Villager (Male) |
| 19:58 | Create | Villager (Male) |
| 21:06 | Build | Town Center |
| 21:49 | Build | Mining Camp |
| 22:19 | Build | Farm |
| 22:20 | Build | Farm |
| 22:21 | Build | Farm |
| 22:22 | Create | Villager (Male) |
| 22:23 | Create | Villager (Male) |
| 22:23 | Create | Villager (Male) |
| 22:25 | Create | Villager (Male) |
| 22:25 | Create | Villager (Male) |
| 23:21 | Create | Genoese Crossbowman |
| 23:22 | Create | Genoese Crossbowman |
| 23:22 | Create | Genoese Crossbowman |
| 23:25 | Create | Villager (Male) |
| 23:26 | Create | Villager (Male) |
| 23:30 | Create | Villager (Male) |
| 24:49 | Build | House |
| 24:51 | Build | House |
| 25:17 | Create | Villager (Male) |
| 25:33 | Build | Farm |
| 25:34 | Build | Farm |
| 25:35 | Build | Farm |
| 25:38 | Create | Villager (Male) |
| 25:38 | Create | Villager (Male) |
| 25:38 | Create | Villager (Male) |
| 25:45 | Build | Lumber Camp |
| 26:21 | Build | Farm |
| 26:22 | Build | Farm |
| 26:24 | Build | Farm |
| 26:45 | Build | Lumber Camp |
| 26:58 | Build | Farm |
| 27:00 | Build | Farm |
| 27:04 | Create | Villager (Male) |
| 27:04 | Create | Villager (Male) |
| 28:02 | Build | Castle |
| 28:09 | Build | Farm |
| 28:10 | Build | Farm |
| 28:11 | Build | Farm |
| 28:15 | Build | Farm |
| 28:17 | Build | Farm |
| 28:20 | Research | Wheelbarrow |
| 28:28 | Build | Monastery |
| 28:45 | Build | Gate |
| 28:50 | Build | Stone Wall |
| 28:56 | Create | Genoese Crossbowman |
| 28:57 | Create | Genoese Crossbowman |
| 29:10 | Build | Farm |
| 29:17 | Build | Farm |
| 29:18 | Build | Farm |
| 29:23 | Create | Monk |
| 30:02 | Research | Imperial Age |
| 30:04 | Create | Villager (Male) |
| 30:12 | Create | Villager (Male) |
| 30:13 | Create | Villager (Male) |
| 30:13 | Create | Villager (Male) |
| 30:38 | Build | Stone Wall |
| 30:45 | Build | Mining Camp |
| 30:56 | Create | Genoese Crossbowman |
| 30:56 | Create | Genoese Crossbowman |
| 30:57 | Create | Genoese Crossbowman |
| 30:57 | Create | Genoese Crossbowman |
| 30:58 | Create | Genoese Crossbowman |
| 30:58 | Create | Genoese Crossbowman |
| 31:30 | Build | Stone Wall |
| 31:49 | Build | Town Center |
| 31:56 | Research | Double-Bit Axe |
| 31:59 | Research | Gold Mining |
| 32:02 | Research | Horse Collar |
| 32:14 | Research | Fletching |
| 32:15 | Research | Padded Archer Armor |
| 32:45 | Create | Villager (Male) |
| 32:46 | Create | Villager (Male) |
| 33:12 | Age | Imperial Age |
| 33:14 | Create | Trebuchet (Packed) |
| 33:27 | Build | University |
| 33:38 | Create | Villager (Male) |
| 33:38 | Create | Villager (Male) |
| 33:42 | Build | Farm |
| 33:50 | Create | Villager (Male) |
| 33:51 | Create | Villager (Male) |
| 33:51 | Create | Villager (Male) |
| 33:51 | Create | Villager (Male) |
| 33:58 | Research | Bodkin Arrow |
| 33:59 | Research | Leather Archer Armor |
| 34:20 | Research | Chemistry |
| 34:26 | Create | Villager (Male) |
Build order — calxibe
First 150 of 270 actions detected
| 0:01 | Create | Villager (Male) |
| 0:02 | Research | Loom |
| 0:02 | Create | Villager (Male) |
| 0:03 | Create | Villager (Male) |
| 0:03 | Create | Villager (Male) |
| 0:05 | Build | House |
| 0:06 | Build | House |
| 0:07 | Build | House |
| 0:08 | Build | House |
| 2:12 | Build | Palisade Wall |
| 2:22 | Create | Villager (Male) |
| 3:03 | Build | Lumber Camp |
| 3:09 | Create | Villager (Male) |
| 3:30 | Create | Villager (Male) |
| 3:45 | Create | Villager (Male) |
| 4:13 | Create | Villager (Male) |
| 4:43 | Create | Villager (Male) |
| 4:56 | Create | Villager (Male) |
| 5:33 | Create | Villager (Male) |
| 5:45 | Create | Villager (Male) |
| 5:57 | Create | Villager (Male) |
| 6:13 | Build | Mill |
| 6:22 | Create | Villager (Male) |
| 7:01 | Build | House |
| 7:18 | Build | Lumber Camp |
| 8:24 | Build | Mill |
| 8:56 | Create | Villager (Male) |
| 10:01 | Research | Feudal Age |
| 10:41 | Create | Villager (Male) |
| 11:02 | Create | Villager (Male) |
| 11:11 | Build | Mining Camp |
| 11:31 | Build | Mining Camp |
| 11:43 | Create | Villager (Male) |
| 11:50 | Build | House |
| 12:04 | Build | House |
| 12:04 | Build | House |
| 12:11 | Age | Feudal Age |
| 12:24 | Build | Stone Wall |
| 12:29 | Create | Villager (Male) |
| 12:33 | Research | Double-Bit Axe |
| 12:35 | Create | Villager (Male) |
| 12:45 | Build | Market |
| 13:18 | Build | Barracks |
| 13:39 | Build | Stone Wall |
| 13:42 | Build | Gate |
| 13:49 | Create | Villager (Male) |
| 13:49 | Create | Villager (Male) |
| 14:01 | Build | Mill |
| 14:10 | Create | Villager (Male) |
| 14:15 | Create | Villager (Male) |
| 14:35 | Build | Mining Camp |
| 14:46 | Create | Villager (Male) |
| 15:11 | Build | Lumber Camp |
| 15:36 | Build | Farm |
| 15:37 | Build | Farm |
| 15:57 | Create | Villager (Male) |
| 16:02 | Build | House |
| 16:03 | Build | House |
| 16:04 | Build | House |
| 16:35 | Build | Farm |
| 16:37 | Create | Villager (Male) |
| 16:57 | Build | Mining Camp |
| 17:06 | Build | Farm |
| 17:07 | Create | Villager (Male) |
| 17:08 | Create | Villager (Male) |
| 17:08 | Create | Villager (Male) |
| 17:09 | Create | Villager (Male) |
| 17:43 | Build | Farm |
| 17:45 | Build | Farm |
| 18:15 | Build | Blacksmith |
| 18:33 | Build | Farm |
| 18:57 | Build | Farm |
| 18:59 | Create | Villager (Male) |
| 19:28 | Research | Castle Age |
| 19:50 | Research | Stone Mining |
| 20:12 | Research | Gold Mining |
| 20:39 | Build | Barracks |
| 20:45 | Create | Villager (Male) |
| 20:46 | Create | Villager (Male) |
| 20:46 | Create | Villager (Male) |
| 21:32 | Create | Villager (Male) |
| 21:49 | Create | Trade Cart |
| 22:08 | Age | Castle Age |
| 22:11 | Build | Monastery |
| 22:19 | Build | Town Center |
| 22:21 | Create | Villager (Male) |
| 22:22 | Create | Villager (Male) |
| 22:30 | Build | Stable |
| 22:31 | Build | Stable |
| 22:37 | Build | Stable |
| 22:53 | Research | Caravan |
| 22:58 | Research | Bow Saw |
| 23:04 | Create | Villager (Male) |
| 23:07 | Create | Monk |
| 23:15 | Research | Fervor |
| 23:26 | Create | Villager (Male) |
| 23:28 | Create | Villager (Male) |
| 23:36 | Create | Villager (Male) |
| 23:38 | Create | Villager (Male) |
| 24:11 | Create | Villager (Male) |
| 24:11 | Create | Villager (Male) |
| 24:16 | Build | Stable |
| 24:24 | Build | Farm |
| 24:27 | Create | Villager (Male) |
| 24:31 | Build | Farm |
| 25:00 | Create | Knight |
| 25:01 | Create | Knight |
| 25:15 | Build | House |
| 25:16 | Build | House |
| 25:17 | Build | House |
| 25:18 | Build | House |
| 25:24 | Create | Villager (Male) |
| 25:24 | Create | Villager (Male) |
| 25:47 | Build | House |
| 25:48 | Build | House |
| 26:06 | Create | Villager (Male) |
| 26:08 | Create | Villager (Male) |
| 26:12 | Build | Farm |
| 26:16 | Create | Villager (Male) |
| 26:29 | Build | House |
| 26:32 | Build | House |
| 26:33 | Build | House |
| 26:34 | Build | House |
| 26:35 | Build | House |
| 26:36 | Build | House |
| 26:37 | Build | House |
| 26:38 | Build | House |
| 26:49 | Create | Knight |
| 27:06 | Build | Castle |
| 27:22 | Build | Farm |
| 27:27 | Build | Farm |
| 27:30 | Build | Farm |
| 27:34 | Create | Villager (Male) |
| 27:34 | Create | Villager (Male) |
| 27:40 | Build | Farm |
| 27:43 | Research | Wheelbarrow |
| 28:10 | Create | Villager (Male) |
| 28:11 | Create | Villager (Male) |
| 28:14 | Build | Farm |
| 28:18 | Build | Farm |
| 28:22 | Create | Villager (Male) |
| 28:30 | Build | Castle |
| 28:35 | Build | Gate |
| 28:39 | Build | Stone Wall |
| 28:48 | Build | Farm |
| 28:50 | Create | Villager (Male) |
| 28:52 | Create | Villager (Male) |
| 28:52 | Create | Villager (Male) |
| 29:06 | Build | University |
| 29:20 | Build | Farm |
Build order — leocancer8767
First 150 of 240 actions detected
| 0:02 | Create | Villager (Male) |
| 0:02 | Create | Villager (Male) |
| 0:02 | Create | Villager (Male) |
| 0:04 | Build | House |
| 0:07 | Build | House |
| 0:08 | Create | Villager (Male) |
| 0:08 | Create | Villager (Male) |
| 1:36 | Create | Villager (Male) |
| 2:06 | Create | Villager (Male) |
| 2:06 | Create | Villager (Male) |
| 2:25 | Create | Villager (Male) |
| 2:56 | Create | Villager (Male) |
| 3:29 | Create | Villager (Male) |
| 3:48 | Create | Villager (Male) |
| 4:17 | Create | Villager (Male) |
| 4:28 | Build | House |
| 4:43 | Create | Villager (Male) |
| 4:53 | Build | Mill |
| 5:05 | Create | Villager (Male) |
| 5:05 | Create | Villager (Male) |
| 5:30 | Create | Villager (Male) |
| 5:59 | Create | Villager (Male) |
| 6:07 | Build | Lumber Camp |
| 6:26 | Create | Villager (Male) |
| 6:55 | Create | Villager (Male) |
| 7:12 | Research | Loom |
| 7:58 | Research | Feudal Age |
| 8:41 | Build | House |
| 9:24 | Create | Villager (Male) |
| 9:32 | Build | Mining Camp |
| 9:42 | Build | Mill |
| 9:48 | Create | Villager (Male) |
| 10:08 | Age | Feudal Age |
| 10:10 | Build | Donjon |
| 10:12 | Create | Villager (Male) |
| 10:24 | Research | Stone Mining |
| 10:30 | Research | Double-Bit Axe |
| 11:02 | Build | House |
| 11:04 | Build | House |
| 11:14 | Create | Serjeant |
| 11:33 | Create | Serjeant |
| 11:36 | Create | Villager (Male) |
| 11:41 | Create | Villager (Male) |
| 12:01 | Create | Villager (Male) |
| 12:56 | Build | Donjon |
| 13:14 | Create | Villager (Male) |
| 13:15 | Create | Villager (Male) |
| 14:22 | Create | Villager (Male) |
| 14:28 | Build | Market |
| 14:32 | Build | Mining Camp |
| 14:37 | Create | Villager (Male) |
| 15:29 | Create | Villager (Male) |
| 16:05 | Create | Serjeant |
| 16:05 | Create | Serjeant |
| 17:00 | Build | Donjon |
| 17:34 | Create | Serjeant |
| 17:34 | Create | Serjeant |
| 17:35 | Create | Serjeant |
| 17:36 | Create | Serjeant |
| 18:00 | Build | Donjon |
| 18:44 | Create | Villager (Male) |
| 18:44 | Create | Villager (Male) |
| 19:14 | Create | Villager (Male) |
| 19:15 | Create | Villager (Male) |
| 21:15 | Create | Villager (Male) |
| 21:47 | Build | Blacksmith |
| 21:54 | Build | House |
| 21:54 | Build | House |
| 21:55 | Build | House |
| 21:56 | Build | House |
| 22:12 | Build | Farm |
| 22:14 | Build | Farm |
| 22:16 | Build | Farm |
| 22:17 | Build | Farm |
| 22:18 | Build | Farm |
| 22:20 | Build | Farm |
| 22:21 | Build | Farm |
| 22:23 | Build | Farm |
| 22:25 | Build | Farm |
| 22:26 | Build | Farm |
| 26:21 | Research | Horse Collar |
| 27:07 | Build | Farm |
| 27:08 | Build | Farm |
| 27:09 | Build | Farm |
| 27:12 | Build | Farm |
| 27:14 | Build | Farm |
| 27:16 | Build | Farm |
| 27:17 | Build | Farm |
| 27:22 | Build | Farm |
| 27:23 | Build | Farm |
| 27:25 | Build | Farm |
| 27:44 | Create | Villager (Male) |
| 27:46 | Create | Villager (Male) |
| 28:21 | Build | Farm |
| 28:26 | Create | Villager (Male) |
| 28:30 | Build | Farm |
| 28:44 | Build | Farm |
| 28:45 | Build | Farm |
| 28:46 | Build | Farm |
| 28:49 | Build | Farm |
| 28:51 | Build | Farm |
| 28:52 | Build | Farm |
| 28:55 | Build | Farm |
| 29:04 | Create | Villager (Male) |
| 29:06 | Create | Villager (Male) |
| 29:46 | Build | House |
| 29:47 | Build | House |
| 29:47 | Build | House |
| 29:48 | Build | House |
| 29:49 | Build | House |
| 29:49 | Build | House |
| 29:57 | Create | Villager (Male) |
| 29:58 | Create | Villager (Male) |
| 30:42 | Research | Castle Age |
| 32:20 | Create | Villager (Male) |
| 32:33 | Build | House |
| 32:36 | Build | House |
| 33:25 | Create | Villager (Male) |
| 33:27 | Age | Castle Age |
| 33:35 | Build | Castle |
| 33:39 | Create | Villager (Male) |
| 33:45 | Build | House |
| 33:48 | Build | House |
| 34:06 | Build | Farm |
| 34:31 | Research | Imperial Age |
| 34:32 | Research | Imperial Age |
| 34:40 | Research | Bow Saw |
| 34:41 | Research | Heavy Plow |
| 34:51 | Build | Town Center |
| 35:01 | Build | Town Center |
| 35:06 | Create | Villager (Male) |
| 35:15 | Build | Farm |
| 35:49 | Build | Town Center |
| 35:52 | Create | Villager (Male) |
| 35:52 | Create | Villager (Male) |
| 36:06 | Research | Wheelbarrow |
| 36:10 | Create | Villager (Male) |
| 36:15 | Build | Lumber Camp |
| 36:23 | Create | Villager (Male) |
| 36:24 | Create | Villager (Male) |
| 36:27 | Create | Villager (Male) |
| 36:52 | Create | Villager (Male) |
| 36:53 | Create | Villager (Male) |
| 36:54 | Create | Villager (Male) |
| 37:04 | Create | Villager (Male) |
| 37:05 | Create | Villager (Male) |
| 37:09 | Build | Farm |
| 37:09 | Build | Farm |
| 37:10 | Build | Farm |
| 37:16 | Build | Farm |
Build order — Legølas➹
First 150 of 293 actions detected
| 0:04 | Create | Villager (Male) |
| 0:05 | Create | Villager (Male) |
| 0:05 | Create | Villager (Male) |
| 0:30 | Create | Villager (Male) |
| 0:30 | Create | Villager (Male) |
| 1:41 | Create | Villager (Male) |
| 1:50 | Build | Palisade Wall |
| 2:18 | Create | Villager (Male) |
| 2:19 | Create | Villager (Male) |
| 2:52 | Create | Villager (Male) |
| 2:57 | Build | Palisade Wall |
| 3:16 | Create | Villager (Male) |
| 3:46 | Create | Villager (Male) |
| 4:04 | Create | Villager (Male) |
| 4:10 | Build | Lumber Camp |
| 4:35 | Create | Villager (Male) |
| 5:01 | Create | Villager (Male) |
| 5:01 | Create | Villager (Male) |
| 5:43 | Create | Villager (Male) |
| 5:50 | Build | Mill |
| 6:18 | Create | Villager (Male) |
| 6:41 | Create | Villager (Male) |
| 7:01 | Build | Mill |
| 7:21 | Create | Villager (Male) |
| 7:42 | Research | Feudal Age |
| 8:07 | Create | Villager (Male) |
| 8:07 | Create | Villager (Male) |
| 9:30 | Create | Villager (Male) |
| 9:32 | Create | Villager (Male) |
| 9:51 | Build | Farm |
| 9:52 | Build | Farm |
| 9:53 | Build | Farm |
| 9:56 | Age | Feudal Age |
| 9:58 | Create | Villager (Male) |
| 10:06 | Build | Market |
| 10:24 | Build | Farm |
| 10:46 | Create | Villager (Male) |
| 11:13 | Build | Blacksmith |
| 11:19 | Build | Farm |
| 11:38 | Build | Stone Wall |
| 11:42 | Build | Farm |
| 11:44 | Create | Villager (Male) |
| 12:17 | Create | Villager (Male) |
| 12:34 | Build | Farm |
| 12:36 | Create | Villager (Male) |
| 12:55 | Build | Farm |
| 13:05 | Build | Mining Camp |
| 13:08 | Build | Farm |
| 13:16 | Build | Stone Wall |
| 13:47 | Build | Barracks |
| 13:55 | Build | Farm |
| 13:57 | Create | Villager (Male) |
| 13:57 | Create | Villager (Male) |
| 14:32 | Create | Villager (Male) |
| 14:43 | Create | Militia |
| 14:43 | Create | Militia |
| 14:50 | Build | Archery Range |
| 14:59 | Create | Villager (Male) |
| 15:08 | Create | Militia |
| 15:10 | Research | Man-at-Arms (upgrade) |
| 15:20 | Create | Villager (Male) |
| 15:20 | Create | Villager (Male) |
| 15:30 | Build | Watch Tower |
| 15:35 | Create | Spearman |
| 15:35 | Create | Spearman |
| 15:48 | Build | Mining Camp |
| 15:50 | Create | Villager (Male) |
| 16:07 | Create | Villager (Male) |
| 16:43 | Build | Watch Tower |
| 17:01 | Create | Militia |
| 17:55 | Build | Mining Camp |
| 18:11 | Research | Castle Age |
| 18:18 | Research | Loom |
| 19:30 | Build | Mining Camp |
| 20:17 | Create | Militia |
| 20:17 | Create | Militia |
| 20:31 | Build | Watch Tower |
| 20:51 | Age | Castle Age |
| 20:59 | Create | Militia |
| 21:06 | Build | Siege Workshop |
| 21:11 | Build | Palisade Wall |
| 21:16 | Create | Villager (Male) |
| 21:16 | Create | Villager (Male) |
| 21:45 | Create | Mangonel |
| 22:05 | Create | Villager (Male) |
| 22:05 | Create | Villager (Male) |
| 22:14 | Build | Farm |
| 22:15 | Build | Farm |
| 22:16 | Build | Farm |
| 22:16 | Build | Farm |
| 22:18 | Create | Villager (Male) |
| 23:06 | Create | Villager (Male) |
| 23:06 | Create | Villager (Male) |
| 23:42 | Create | Villager (Male) |
| 24:01 | Create | Mangonel |
| 24:37 | Create | Villager (Male) |
| 24:37 | Create | Villager (Male) |
| 25:30 | Create | Villager (Male) |
| 25:31 | Create | Villager (Male) |
| 26:32 | Create | Villager (Male) |
| 26:33 | Create | Villager (Male) |
| 26:42 | Build | Town Center |
| 27:59 | Create | Villager (Male) |
| 27:59 | Create | Villager (Male) |
| 27:59 | Create | Villager (Male) |
| 28:21 | Build | Farm |
| 28:22 | Build | Farm |
| 28:24 | Create | Villager (Male) |
| 28:24 | Create | Villager (Male) |
| 28:26 | Create | Villager (Male) |
| 28:27 | Create | Villager (Male) |
| 28:30 | Research | Double-Bit Axe |
| 28:47 | Build | Castle |
| 29:37 | Create | Villager (Male) |
| 29:37 | Create | Villager (Male) |
| 29:39 | Create | Villager (Male) |
| 29:39 | Create | Villager (Male) |
| 29:45 | Build | Farm |
| 29:46 | Build | Farm |
| 29:50 | Create | Villager (Male) |
| 30:04 | Create | Villager (Male) |
| 30:07 | Create | Villager (Male) |
| 30:07 | Create | Villager (Male) |
| 30:33 | Build | Farm |
| 30:38 | Create | Villager (Male) |
| 30:49 | Build | Town Center |
| 30:53 | Build | Farm |
| 30:55 | Create | Villager (Male) |
| 30:55 | Create | Villager (Male) |
| 30:57 | Create | Villager (Male) |
| 31:19 | Build | Farm |
| 31:24 | Build | Farm |
| 31:26 | Build | Farm |
| 31:46 | Create | Villager (Male) |
| 31:47 | Create | Villager (Male) |
| 31:54 | Create | Villager (Male) |
| 32:16 | Create | Cavalry Archer |
| 32:16 | Create | Cavalry Archer |
| 32:21 | Create | Villager (Male) |
| 32:24 | Create | Villager (Male) |
| 32:25 | Create | Villager (Male) |
| 32:25 | Create | Villager (Male) |
| 32:28 | Build | Lumber Camp |
| 32:34 | Research | Wheelbarrow |
| 32:38 | Build | Farm |
| 32:40 | Create | Villager (Male) |
| 32:40 | Create | Villager (Male) |
| 32:51 | Build | Farm |
| 32:55 | Build | Farm |
| 32:58 | Build | Farm |
Build order — Indo-Hunter
First 150 of 173 actions detected
| 0:02 | Create | Villager (Male) |
| 0:03 | Research | Loom |
| 0:04 | Create | Villager (Male) |
| 0:04 | Create | Villager (Male) |
| 0:04 | Create | Villager (Male) |
| 0:05 | Create | Villager (Male) |
| 0:13 | Build | House |
| 0:15 | Build | House |
| 1:33 | Create | Villager (Male) |
| 2:14 | Build | Lumber Camp |
| 2:22 | Create | Villager (Male) |
| 3:08 | Create | Villager (Male) ×2 |
| 3:53 | Create | Villager (Male) |
| 3:53 | Create | Villager (Male) |
| 3:53 | Create | Villager (Male) |
| 4:08 | Build | House |
| 4:31 | Build | Mill |
| 5:17 | Create | Villager (Male) ×2 |
| 6:10 | Create | Villager (Male) |
| 6:10 | Create | Villager (Male) |
| 6:10 | Create | Villager (Male) |
| 6:39 | Build | House |
| 7:00 | Create | Villager (Male) ×5 |
| 8:00 | Create | Villager (Male) ×5 |
| 8:00 | Create | Villager (Male) ×5 |
| 8:48 | Build | Mill |
| 8:56 | Create | Villager (Male) ×3 |
| 9:28 | Build | House |
| 9:30 | Build | House |
| 9:32 | Build | House |
| 9:56 | Build | Farm |
| 10:05 | Build | Farm |
| 10:09 | Build | Farm |
| 10:10 | Build | Farm |
| 10:12 | Build | Farm |
| 10:15 | Build | Farm |
| 10:58 | Build | Mining Camp |
| 11:18 | Research | Feudal Age |
| 11:57 | Build | Farm |
| 12:42 | Create | Villager (Male) |
| 12:42 | Create | Villager (Male) |
| 13:45 | Age | Feudal Age |
| 13:49 | Build | Blacksmith |
| 13:59 | Build | Market |
| 14:18 | Create | Villager (Male) |
| 15:25 | Research | Castle Age |
| 15:27 | Research | Double-Bit Axe |
| 15:29 | Research | Gold Mining |
| 15:30 | Research | Horse Collar |
| 16:34 | Build | House |
| 16:49 | Create | Villager (Male) |
| 16:50 | Create | Villager (Male) |
| 18:05 | Age | Castle Age |
| 18:08 | Build | Monastery |
| 18:18 | Build | Siege Workshop |
| 18:58 | Research | Imperial Age |
| 19:32 | Build | Barracks |
| 19:45 | Create | Monk |
| 20:46 | Build | Archery Range |
| 20:54 | Build | Archery Range |
| 22:08 | Age | Imperial Age |
| 22:14 | Create | Hand Cannoneer |
| 22:14 | Create | Hand Cannoneer |
| 22:15 | Create | Hand Cannoneer |
| 22:15 | Create | Hand Cannoneer |
| 22:20 | Create | Bombard Cannon |
| 23:12 | Build | Mining Camp |
| 23:38 | Create | Bombard Cannon |
| 23:48 | Create | Hand Cannoneer |
| 23:48 | Create | Hand Cannoneer |
| 23:51 | Create | Villager (Male) |
| 23:51 | Create | Villager (Male) |
| 23:51 | Create | Villager (Male) |
| 23:57 | Build | Farm |
| 23:58 | Build | Farm |
| 24:00 | Build | Farm |
| 24:27 | Build | Farm |
| 24:29 | Build | Farm |
| 24:47 | Research | Heavy Plow |
| 25:19 | Create | Bombard Cannon |
| 26:01 | Create | Bombard Cannon |
| 26:04 | Create | Hand Cannoneer ×3 |
| 26:05 | Create | Hand Cannoneer ×3 |
| 26:14 | Build | House |
| 26:16 | Build | House |
| 26:19 | Build | House |
| 26:21 | Build | House |
| 27:09 | Create | Hand Cannoneer ×3 |
| 28:17 | Create | Hand Cannoneer ×2 |
| 28:22 | Create | Bombard Cannon |
| 30:07 | Create | Hand Cannoneer ×5 |
| 30:16 | Create | Villager (Male) |
| 30:16 | Create | Villager (Male) |
| 33:08 | Build | Town Center |
| 33:11 | Create | Villager (Male) |
| 33:12 | Create | Villager (Male) |
| 33:12 | Create | Villager (Male) |
| 33:12 | Create | Villager (Male) |
| 33:26 | Build | Mining Camp |
| 35:15 | Create | Hand Cannoneer ×5 |
| 35:15 | Create | Hand Cannoneer ×5 |
| 36:06 | Build | Stone Wall |
| 36:12 | Create | Villager (Male) |
| 36:12 | Create | Villager (Male) |
| 36:12 | Create | Villager (Male) |
| 36:12 | Create | Villager (Male) |
| 36:47 | Build | Stable |
| 36:48 | Build | Stable |
| 36:48 | Build | Stable |
| 36:48 | Build | Stable |
| 36:49 | Build | Stable |
| 36:50 | Build | Stable |
| 36:50 | Build | Stable |
| 36:50 | Build | Stable |
| 37:38 | Build | House |
| 37:39 | Build | House |
| 37:41 | Build | House |
| 37:57 | Build | Stone Wall |
| 39:02 | Build | Gate |
| 40:35 | Research | Heavy Camel Rider (upgrade) |
| 40:36 | Research | Husbandry |
| 40:37 | Research | Bloodlines |
| 40:38 | Create | Camel Scout |
| 40:39 | Create | Camel Scout |
| 40:54 | Build | Mill |
| 40:59 | Build | Farm |
| 40:59 | Build | Farm |
| 41:00 | Build | Farm |
| 41:00 | Build | Farm |
| 41:00 | Build | Farm |
| 41:01 | Build | Farm |
| 41:01 | Build | Farm |
| 41:01 | Build | Farm |
| 41:01 | Build | Farm |
| 41:02 | Build | Farm |
| 41:02 | Build | Farm |
| 41:03 | Build | Farm |
| 41:03 | Build | Farm |
| 41:03 | Build | Farm |
| 41:03 | Build | Farm |
| 41:04 | Build | Farm |
| 41:04 | Build | Farm |
| 41:04 | Build | Farm |
| 41:05 | Build | Farm |
| 41:05 | Build | Farm |
| 41:05 | Build | Farm |
| 41:05 | Build | Farm |
| 41:22 | Research | Scale Barding Armor |
| 41:37 | Build | Lumber Camp |
| 42:06 | Create | Camel Scout ×2 |
Build order — Jimmy Levy (GEO)
First 150 of 322 actions detected
| 0:06 | Build | House |
| 0:08 | Build | House |
| 0:10 | Create | Villager (Male) |
| 0:11 | Research | Loom |
| 0:11 | Create | Villager (Male) ×4 |
| 3:14 | Create | Villager (Male) |
| 3:14 | Create | Villager (Male) |
| 3:49 | Create | Villager (Male) |
| 4:08 | Build | Palisade Wall |
| 4:35 | Create | Villager (Male) |
| 4:55 | Build | Palisade Wall |
| 5:07 | Build | Palisade Wall |
| 5:14 | Create | Villager (Male) |
| 5:37 | Build | Mining Camp |
| 5:43 | Build | House |
| 5:49 | Create | Villager (Male) |
| 6:02 | Create | Villager (Male) |
| 6:07 | Build | House |
| 6:24 | Build | House |
| 6:26 | Build | House |
| 6:31 | Create | Villager (Male) |
| 6:50 | Create | Villager (Male) |
| 7:12 | Create | Villager (Male) |
| 7:53 | Create | Villager (Male) |
| 7:53 | Create | Villager (Male) |
| 8:07 | Build | Lumber Camp |
| 8:22 | Create | Villager (Male) |
| 8:55 | Create | Villager (Male) |
| 8:59 | Create | Villager (Male) |
| 8:59 | Create | Villager (Male) |
| 9:41 | Create | Villager (Male) |
| 9:59 | Build | Mill |
| 10:31 | Create | Villager (Male) |
| 10:31 | Create | Villager (Male) |
| 10:49 | Build | House |
| 11:29 | Create | Villager (Male) |
| 11:43 | Create | Villager (Male) |
| 12:08 | Create | Villager (Male) |
| 12:20 | Build | Palisade Wall |
| 12:39 | Create | Villager (Male) |
| 13:04 | Build | Palisade Wall |
| 13:13 | Create | Villager (Male) |
| 13:15 | Create | Villager (Male) |
| 13:34 | Build | Palisade Wall |
| 14:08 | Research | Feudal Age |
| 14:45 | Build | Palisade Wall |
| 15:07 | Build | Mill |
| 15:13 | Build | Farm |
| 15:14 | Build | Farm |
| 15:15 | Build | Farm |
| 15:20 | Build | Mining Camp |
| 15:23 | Build | House |
| 15:58 | Build | House |
| 16:12 | Age | Feudal Age |
| 16:38 | Build | Stone Wall |
| 16:48 | Build | Gate |
| 16:54 | Build | Mining Camp |
| 17:06 | Create | Villager (Male) |
| 17:06 | Create | Villager (Male) |
| 17:06 | Create | Villager (Male) |
| 17:11 | Build | House |
| 17:20 | Build | Market |
| 18:50 | Create | Villager (Male) |
| 18:51 | Create | Villager (Male) |
| 18:51 | Create | Villager (Male) |
| 19:08 | Build | Blacksmith |
| 19:11 | Create | Villager (Male) |
| 19:26 | Build | Farm |
| 19:32 | Research | Double-Bit Axe |
| 19:53 | Build | Farm |
| 19:57 | Research | Castle Age |
| 20:13 | Build | Farm |
| 20:15 | Build | Farm |
| 20:18 | Research | Horse Collar |
| 22:26 | Age | Castle Age |
| 22:44 | Build | Siege Workshop |
| 22:47 | Create | Villager (Male) |
| 22:47 | Create | Villager (Male) |
| 23:09 | Build | Town Center |
| 23:14 | Research | Bow Saw |
| 23:43 | Build | Castle |
| 23:52 | Create | Mangonel |
| 23:57 | Create | Scorpion |
| 24:03 | Build | Farm |
| 24:06 | Create | Villager (Male) |
| 24:07 | Create | Villager (Male) |
| 24:07 | Create | Villager (Male) |
| 24:09 | Create | Villager (Male) |
| 24:09 | Create | Villager (Male) |
| 24:09 | Create | Villager (Male) |
| 24:40 | Build | Farm |
| 24:44 | Create | Villager (Male) |
| 24:44 | Create | Villager (Male) |
| 24:45 | Create | Villager (Male) |
| 24:45 | Create | Villager (Male) |
| 24:47 | Research | Wheelbarrow |
| 24:48 | Research | Town Watch |
| 26:19 | Create | Villager (Male) |
| 26:19 | Create | Villager (Male) |
| 26:24 | Build | House |
| 26:34 | Build | Town Center |
| 26:59 | Build | Barracks |
| 27:11 | Create | Villager (Male) |
| 27:15 | Build | Farm |
| 27:16 | Build | Farm |
| 27:18 | Research | Heavy Plow |
| 27:20 | Create | Villager (Male) |
| 27:21 | Create | Villager (Male) |
| 27:45 | Build | Stone Wall |
| 27:59 | Build | Farm |
| 28:00 | Build | Farm |
| 28:03 | Create | Villager (Male) |
| 28:03 | Create | Villager (Male) |
| 28:04 | Create | Villager (Male) |
| 28:09 | Build | Farm |
| 28:10 | Build | Farm |
| 28:10 | Build | Farm |
| 28:10 | Build | Farm |
| 28:11 | Build | Farm |
| 28:11 | Build | Farm |
| 28:15 | Build | Farm |
| 28:16 | Build | Farm |
| 28:16 | Build | Farm |
| 28:16 | Build | Farm |
| 28:17 | Build | Farm |
| 28:17 | Build | Farm |
| 28:37 | Build | Stone Wall |
| 28:42 | Build | Gate |
| 28:44 | Build | Gate |
| 28:45 | Build | Gate |
| 29:01 | Build | University |
| 29:06 | Create | Villager (Male) |
| 29:06 | Create | Villager (Male) |
| 29:09 | Build | Farm |
| 29:12 | Create | Villager (Male) |
| 29:12 | Create | Villager (Male) |
| 29:36 | Build | Farm |
| 29:37 | Build | Farm |
| 29:41 | Research | Hand Cart |
| 29:49 | Create | Villager (Male) |
| 29:50 | Create | Villager (Male) |
| 29:50 | Create | Villager (Male) |
| 29:51 | Create | Villager (Male) |
| 29:51 | Create | Villager (Male) |
| 29:55 | Build | Farm |
| 30:05 | Build | Lumber Camp |
| 30:14 | Create | Villager (Male) |
| 30:19 | Build | House |
| 30:24 | Create | Villager (Male) |
| 30:25 | Create | Villager (Male) |
Build order — SNES
First 150 of 292 actions detected
| 0:03 | Create | Villager (Male) |
| 0:03 | Create | Villager (Male) |
| 0:03 | Create | Villager (Male) |
| 0:03 | Create | Villager (Male) |
| 0:04 | Create | Villager (Male) |
| 0:06 | Build | House |
| 0:07 | Build | House |
| 0:08 | Build | House |
| 0:10 | Build | House |
| 1:38 | Create | Villager (Male) |
| 1:38 | Create | Villager (Male) |
| 1:38 | Create | Villager (Male) |
| 2:07 | Build | Lumber Camp |
| 2:18 | Research | Loom |
| 2:21 | Create | Villager (Male) |
| 2:21 | Create | Villager (Male) |
| 2:21 | Create | Villager (Male) |
| 3:05 | Create | Villager (Male) |
| 3:05 | Create | Villager (Male) |
| 3:29 | Create | Villager (Male) |
| 4:19 | Create | Villager (Male) |
| 4:19 | Create | Villager (Male) |
| 4:19 | Create | Villager (Male) |
| 4:30 | Create | Villager (Male) |
| 4:31 | Create | Villager (Male) |
| 5:13 | Create | Villager (Male) |
| 5:13 | Create | Villager (Male) |
| 5:19 | Build | Mill |
| 5:37 | Create | Villager (Male) |
| 5:38 | Create | Villager (Male) |
| 6:07 | Create | Villager (Male) |
| 6:07 | Create | Villager (Male) |
| 6:25 | Create | Villager (Male) |
| 7:02 | Create | Villager (Male) |
| 7:02 | Create | Villager (Male) |
| 7:27 | Create | Villager (Male) |
| 7:28 | Create | Villager (Male) |
| 7:42 | Create | Villager (Male) |
| 7:42 | Create | Villager (Male) |
| 8:07 | Build | Palisade Wall |
| 8:40 | Build | Barracks |
| 8:41 | Build | House |
| 8:46 | Build | House |
| 8:48 | Build | House |
| 8:51 | Create | Villager (Male) |
| 9:09 | Build | Palisade Wall |
| 9:13 | Research | Feudal Age |
| 10:26 | Build | Mining Camp |
| 10:30 | Create | Villager (Male) |
| 10:30 | Create | Villager (Male) |
| 10:59 | Build | House |
| 11:26 | Age | Feudal Age |
| 11:39 | Build | Mill |
| 11:58 | Build | Blacksmith |
| 12:10 | Create | Villager (Male) |
| 12:35 | Create | Villager (Male) |
| 12:51 | Build | Archery Range |
| 12:56 | Create | Villager (Male) |
| 13:26 | Build | Farm |
| 13:29 | Build | Farm |
| 13:48 | Research | Castle Age |
| 14:33 | Build | Stone Wall |
| 15:10 | Build | Mining Camp |
| 15:16 | Research | Horse Collar |
| 15:18 | Research | Stone Mining |
| 15:35 | Research | Double-Bit Axe |
| 15:39 | Research | Wheelbarrow |
| 16:07 | Build | Mill |
| 16:21 | Build | Stone Wall |
| 16:28 | Age | Castle Age |
| 16:50 | Research | Heavy Plow |
| 17:43 | Build | Lumber Camp |
| 17:57 | Create | Villager (Male) |
| 17:58 | Create | Villager (Male) |
| 18:47 | Build | House |
| 18:48 | Build | House |
| 18:52 | Build | Farm |
| 18:52 | Create | Villager (Male) |
| 18:53 | Create | Villager (Male) |
| 18:56 | Research | Gold Mining |
| 19:16 | Research | Stone Shaft Mining |
| 20:10 | Research | Bow Saw |
| 20:49 | Build | University |
| 21:02 | Build | Lumber Camp |
| 21:07 | Create | Villager (Male) |
| 21:08 | Create | Villager (Male) |
| 21:08 | Create | Villager (Male) |
| 21:09 | Create | Villager (Male) |
| 21:37 | Build | Castle |
| 21:43 | Build | Farm |
| 21:44 | Create | Villager (Male) |
| 22:01 | Create | Villager (Male) |
| 22:09 | Build | Farm |
| 22:39 | Build | Farm |
| 22:52 | Build | House |
| 22:53 | Build | House |
| 22:56 | Build | House |
| 22:59 | Build | House |
| 23:07 | Build | Gate |
| 23:12 | Create | Villager (Male) |
| 23:16 | Build | Farm |
| 23:19 | Build | Farm |
| 23:37 | Build | Town Center |
| 23:55 | Research | Hand Cart |
| 23:59 | Build | Farm |
| 24:28 | Build | Farm |
| 24:41 | Research | Fletching |
| 25:15 | Build | Siege Workshop |
| 25:20 | Build | House |
| 25:22 | Build | House |
| 25:23 | Build | House |
| 25:24 | Build | House |
| 25:35 | Create | Villager (Male) |
| 25:36 | Create | Villager (Male) |
| 25:38 | Create | Villager (Male) |
| 25:38 | Create | Villager (Male) |
| 25:48 | Create | Genoese Crossbowman |
| 25:48 | Create | Genoese Crossbowman |
| 25:48 | Create | Genoese Crossbowman |
| 25:49 | Create | Genoese Crossbowman |
| 25:49 | Create | Genoese Crossbowman |
| 25:49 | Create | Genoese Crossbowman |
| 25:50 | Create | Genoese Crossbowman |
| 25:59 | Build | Farm |
| 26:08 | Create | Villager (Male) |
| 26:08 | Create | Villager (Male) |
| 26:19 | Build | Farm |
| 26:41 | Create | Villager (Male) |
| 26:43 | Create | Villager (Male) |
| 26:43 | Create | Villager (Male) |
| 27:06 | Create | Villager (Male) |
| 27:07 | Create | Villager (Male) |
| 27:11 | Build | Farm |
| 27:21 | Build | Farm |
| 27:38 | Build | Farm |
| 27:42 | Build | Farm |
| 27:44 | Create | Villager (Male) |
| 28:09 | Build | Farm |
| 28:13 | Create | Villager (Male) |
| 28:14 | Create | Villager (Male) |
| 28:32 | Build | Town Center |
| 28:46 | Build | Farm |
| 29:02 | Create | Villager (Male) |
| 29:17 | Create | Villager (Male) |
| 29:44 | Research | Bodkin Arrow |
| 29:45 | Research | Padded Archer Armor |
| 29:50 | Build | Farm |
| 29:52 | Create | Villager (Male) |
| 29:53 | Create | Villager (Male) |
| 29:54 | Create | Villager (Male) |
Match timeline
| 0:46 | alpirowampir · wall_segment Palisade Wall x4 |
| 1:12 | Occhiodellatesta · wall_segment Palisade Wall x9 |
| 1:45 | alpirowampir · wall_segment Palisade Wall x8 |
| 1:47 | Occhiodellatesta · wall_segment Palisade Wall x13 |
| 1:49 | alpirowampir · wall_segment Palisade Wall x5 |
| 1:50 | Legølas➹ · wall_segment Palisade Wall x1 |
| 2:12 | calxibe · wall_segment Palisade Wall x12 |
| 2:57 | Legølas➹ · wall_segment Palisade Wall x4 |
| 4:08 | Jimmy Levy (GEO) · wall_segment Palisade Wall x10 |
| 4:55 | Jimmy Levy (GEO) · wall_segment Palisade Wall x12 |
| 5:07 | Jimmy Levy (GEO) · wall_segment Palisade Wall x10 |
| 6:41 | Occhiodellatesta · wall_segment Palisade Wall x10 |
| 8:07 | SNES · wall_segment Palisade Wall x3 |
| 8:13 | Occhiodellatesta · wall_segment Palisade Wall x5 |
| 8:40 | SNES · first_building Barracks |
| 9:09 | SNES · wall_segment Palisade Wall x9 |
| 9:56 | Legølas➹ · age_up feudal |
| 10:08 | leocancer8767 · age_up feudal |
| 10:10 | leocancer8767 · first_building Donjon |
| 11:26 | SNES · age_up feudal |
| 11:38 | Legølas➹ · wall_segment Stone Wall x4 |
| 11:54 | Occhiodellatesta · first_building Barracks |
| 12:11 | calxibe · age_up feudal |
| 12:20 | Jimmy Levy (GEO) · wall_segment Palisade Wall x16 |
| 12:24 | calxibe · wall_segment Stone Wall x13 |
| 12:51 | SNES · first_building Archery Range |
| 13:03 | alpirowampir · age_up feudal |
| 13:04 | Jimmy Levy (GEO) · wall_segment Palisade Wall x12 |
| 13:16 | Legølas➹ · wall_segment Stone Wall x5 |
| 13:18 | calxibe · first_building Barracks |
| 13:34 | Jimmy Levy (GEO) · wall_segment Palisade Wall x10 |
| 13:39 | calxibe · wall_segment Stone Wall x14 |
| 13:41 | Occhiodellatesta · age_up feudal |
| 13:45 | Indo-Hunter · age_up feudal |
| 13:47 | Legølas➹ · first_building Barracks |
| 13:52 | alpirowampir · wall_segment Stone Wall x9 |
| 14:01 | alpirowampir · wall_segment Stone Wall x5 |
| 14:05 | alpirowampir · wall_segment Stone Wall x2 |
| 14:33 | SNES · wall_segment Stone Wall x9 |
| 14:45 | Jimmy Levy (GEO) · wall_segment Palisade Wall x10 |
| 14:50 | Legølas➹ · first_building Archery Range |
| 15:03 | Occhiodellatesta · first_building Archery Range |
| 16:12 | Jimmy Levy (GEO) · age_up feudal |
| 16:21 | SNES · wall_segment Stone Wall x11 |
| 16:28 | SNES · age_up castle |
| 16:38 | Jimmy Levy (GEO) · wall_segment Stone Wall x11 |
| 17:20 | Legølas➹ · first_market_sell 100 food |
| 17:31 | Occhiodellatesta · age_up castle |
| 17:37 | Indo-Hunter · first_market_sell 100 stone |
| 17:38 | Occhiodellatesta · first_building Siege Workshop |
| 17:43 | Indo-Hunter · first_market_buy 100 food |
| 18:05 | Indo-Hunter · age_up castle |
| 18:08 | Indo-Hunter · first_building Monastery |
| 18:18 | Indo-Hunter · first_building Siege Workshop |
| 18:39 | alpirowampir · first_market_buy 100 food |
| 18:46 | Occhiodellatesta · first_building Castle |
| 19:32 | Indo-Hunter · first_building Barracks |
| 20:46 | Indo-Hunter · first_building Archery Range |
| 20:51 | Legølas➹ · age_up castle |
| 21:06 | Legølas➹ · first_building Siege Workshop |
| 21:11 | Legølas➹ · wall_segment Palisade Wall x8 |
| 21:37 | SNES · first_building Castle |
| 21:46 | alpirowampir · age_up castle |
| 22:08 | calxibe · age_up castle |
| 22:08 | Indo-Hunter · age_up imperial |
| 22:11 | calxibe · first_building Monastery |
| 22:26 | Jimmy Levy (GEO) · age_up castle |
| 22:30 | calxibe · first_building Stable |
| 22:44 | Jimmy Levy (GEO) · first_building Siege Workshop |
| 23:06 | alpirowampir · first_building Monastery |
| 23:43 | Jimmy Levy (GEO) · first_building Castle |
| 23:55 | alpirowampir · first_building Castle |
| 23:57 | Legølas➹ · first_market_buy 100 wood |
| 24:08 | alpirowampir · first_building Barracks |
| 25:15 | SNES · first_building Siege Workshop |
| 25:48 | alpirowampir · wall_segment Stone Wall x10 |
| 26:59 | Jimmy Levy (GEO) · first_building Barracks |
| 27:06 | calxibe · first_building Castle |
| 27:45 | Jimmy Levy (GEO) · wall_segment Stone Wall x13 |
| 28:28 | Occhiodellatesta · first_building Monastery |
| 28:37 | Jimmy Levy (GEO) · wall_segment Stone Wall x16 |
| 28:39 | calxibe · wall_segment Stone Wall x13 |
| 28:47 | Legølas➹ · first_building Castle |
| 28:50 | Occhiodellatesta · wall_segment Stone Wall x6 |
| 29:03 | alpirowampir · first_building Stable |
| 30:38 | Occhiodellatesta · wall_segment Stone Wall x10 |
| 31:10 | Occhiodellatesta · tribute_sent a jugador 1 |
| 31:10 | Occhiodellatesta · tribute_sent a jugador 3 |
| 31:10 | Occhiodellatesta · tribute_sent a jugador 4 |
| 31:10 | Occhiodellatesta · tribute_sent a jugador 5 |
| 31:10 | Occhiodellatesta · tribute_sent a jugador 6 |
| 31:10 | Occhiodellatesta · tribute_sent a jugador 7 |
| 31:10 | Occhiodellatesta · tribute_sent a jugador 8 |
| 31:30 | Occhiodellatesta · wall_segment Stone Wall x9 |
| 33:12 | Occhiodellatesta · age_up imperial |
| 33:12 | Jimmy Levy (GEO) · wall_segment Stone Wall x7 |
| 33:27 | leocancer8767 · age_up castle |
| 33:35 | leocancer8767 · first_building Castle |
| 33:40 | Jimmy Levy (GEO) · first_building Monastery |
| 35:20 | Jimmy Levy (GEO) · first_market_sell 100 wood |
| 35:25 | calxibe · first_building Archery Range |
| 36:06 | Indo-Hunter · wall_segment Stone Wall x10 |
| 36:31 | Jimmy Levy (GEO) · first_building Stable |
| 36:47 | Indo-Hunter · first_building Stable |
| 36:48 | Jimmy Levy (GEO) · first_building Archery Range |
| 37:21 | calxibe · age_up imperial |
| 37:52 | leocancer8767 · age_up imperial |
| 37:57 | Indo-Hunter · wall_segment Stone Wall x7 |
| 38:14 | SNES · age_up imperial |
| 38:16 | Jimmy Levy (GEO) · age_up imperial |
| 40:50 | Legølas➹ · first_building Monastery |
| 41:40 | Legølas➹ · age_up imperial |
| 42:48 | leocancer8767 · first_building Siege Workshop |
| 46:33 | calxibe · resign |
[ AI ANALYSIS · 1 CREDIT ]
What really happened in this match?
Wolo.gg analyzes every decision: build order, eco, micro, common mistakes by bracket. Personalized analysis on WhatsApp or Discord in 30 seconds.
Civ guide
Britons
Map guide
Black Forest
Perfil
Jugador #3277208